 Dungeon Crawl Stone Soup version 0.30.0-29-ga12c61a403 (webtiles) character file.

Game seed: 4949363210471822981

578 qw the Chopper (level 7, 0/44 HPs)
             Began as a Gargoyle Fighter on June 3, 2023.
             Slain by an ice beast (10 damage)
             ... on level 5 of the Dungeon.
             The game lasted 00:01:41 (3534 turns).

qw the Chopper (Gargoyle Fighter)                   Turns: 3534, Time: 00:01:42

Health: 0/44       AC: 13    Str: 21    XL:     7   Next: 35%
Magic:  7/7        EV:  8    Int:  9    God:
Gold:   304        SH:  4    Dex:  9    Spells: 6/6 levels left

rFire   . . .        Y - +0 war axe
rCold   . . .        c - +0 buckler
rNeg    + . .        g - +0 chain mail
rPois   inf          (no helmet)
rElec   +            (no cloak)
rCorr   .            (no gloves)
SInv    .            (no boots)
Will    .....        f - amulet of faith Stlth
                     (no ring)
HPRegen 0.27/turn    (no ring)
MPRegen 0.10/turn

%: faith
@: no status effects
A: sickness immunity, AC +4, negative energy resistance 1, electricity
resistance, torment resistance 1, petrification resistance
a: no special abilities


You were on level 5 of the Dungeon.
You visited 1 branch of the dungeon, and saw 5 of its levels.

You collected 304 gold pieces.


Innate Abilities, Weirdness & Mutations

You are immune to sickness and miasma.
Your stone body is resilient. (AC +4)
You are immune to poison.
You resist negative energy. (rN+)
You are resistant to electric shocks. (rElec)
You are resistant to unholy torment.
You are immune to petrification.


   Skills:
 - Level 4.6 Fighting
 + Level 6.3 Axes
 - Level 3.2 Armour
 - Level 1.3 Dodging
 - Level 3.2 Shields


You had 6 spell levels left.
You didn't know any spells.
Your spell library was empty.

Inventory:

Hand Weapons
 m - a +0 morningstar
 Y - a +0 war axe (weapon)
Armour
 c - a +0 buckler (worn)
 g - a +0 chain mail (worn)
Jewellery
 f - an amulet of faith (around neck)
Scrolls
 a - a scroll of enchant armour
 i - a scroll of identify
Potions
 b - a potion of cancellation
 d - 2 potions of might
 e - a potion of resistance
 h - a potion of haste
 j - a potion of lignification
 k - a potion of curing
 l - a potion of mutation {unknown}
 n - a potion of attraction {unknown}
 p - a potion of heal wounds {unknown}

Dungeon Overview and Level Annotations

Branches:
Dungeon (5/15)
 Temple: D:4-7

Altars:


Message History

Dowan hits you but does no damage.
You barely miss Dowan.
Dowan is almost dead.
Dowan hits you but does no damage. x2
You slash Dowan!
You kill Dowan!
You hear a distant scream of rage.
You start resting.
HP restored.
You open the door.
There is an open door here.
An ice beast comes into view.
Enter note: You barely miss the ice beast.
You block the ice beast's attack.
You hit the ice beast.
The ice beast is lightly wounded.
The ice beast hits you but does no damage.
You closely miss the ice beast.
The ice beast is lightly wounded.
The ice beast hits you. The ice beast freezes you!
You hit the ice beast.
The ice beast is lightly wounded.
The ice beast closely misses you. You block the ice beast's attack.
You hit the ice beast.
The ice beast is heavily wounded.
The ice beast hits you. The ice beast freezes you.
You barely miss the ice beast.
The ice beast is heavily wounded.
The ice beast hits you but does no damage.
You barely miss the ice beast.
The ice beast is heavily wounded.
The ice beast hits you but does no damage.
You closely miss the ice beast.
The ice beast is moderately wounded.
The ice beast hits you. The ice beast freezes you!
You slash the ice beast!
The ice beast is almost dead.
The ice beast hits you. The ice beast freezes you!
You die...

####.###.## #.##. #.#
#.# #.... #.###.# ####.
#.....# ## ###.### ##
##.### ##. # #..#.##
##.<
...##.######.#...####...
......Y@............'...
...##.######.#...####...
.. #.##.## ##.. ##
#.#### ##. #.# #########
#.# #........ #.#
#.####### #.# #.# #
#.###.#######


You could see an ice beast.

Vanquished Creatures
  A bullfrog (D:5)
  3 scorpions
  Dowan (D:5)
  A hound (D:4)
  3 iguanas
  4 gnolls (D:3)
  5 adders
  An ufetubus (D:5)
  2 dart slugs (D:1)
  3 orcs
  4 bats
  10 endoplasms
  7 giant cockroaches
  7 goblins
  9 hobgoblins
  7 jackals (D:1)
  4 quokkas
  2 ball pythons
  3 frilled lizards
  6 kobolds
  2 rats
85 creatures vanquished.

Notes
Turn   | Place    | Note
-------+----------+-------------------------------------------
     0 | D:1      | qw the Gargoyle Fighter began the quest for the Orb.
     0 | D:1      | Reached XP level 1. HP: 14/14 MP: 1/1
     0 | D:1      | 0 ||| qw: Version: 0.2-a-103-g5a998e5
     0 | D:1      | 0 ||| qw: Game counter: 1073
     0 | D:1      | 0 ||| qw: Always use a shield: true
     0 | D:1      | 0 ||| qw: God list: Okawaru
     0 | D:1      | 0 ||| qw: Allow faded altars: false
     0 | D:1      | 0 ||| qw: Do Orc after D:15 true
     0 | D:1      | 0 ||| qw: Do second Lair branch before Depths: true
     0 | D:1      | 0 ||| qw: Lair rune preference: random
     0 | D:1      | 0 ||| qw: Plans: Normal, Zot:1-4, Slime:5, God:TSO, Crypt,
                  | Tomb, Pan, Hells, Abyss, Win
     0 | D:1      | 0 ||| PLANNING D:1-11
    17 | D:1      | Reached skill level 2 in Axes
    25 | D:1      | Reached XP level 2. HP: 16/19 MP: 2/2
    92 | D:1      | Reached skill level 3 in Axes
    96 | D:1      | Reached XP level 3. HP: 21/23 MP: 3/3
   372 | D:1      | Found a faded altar of an unknown god.
   467 | D:1      | 467 ||| Stepping ~*~*~tactically~*~*~ (hiding).
   491 | D:1      | 491 ||| UPGRADING to +0 chain mail.
   501 | D:1      | 501 ||| DROPPING +0 scale mail.
   502 | D:1      | 502 ||| READING 2 scrolls labelled DEESIM HEVUI.
   503 | D:1      | 503 ||| READING 2 scrolls labelled RYEHUSMUGIO.
   504 | D:1      | 504 ||| DRINKING 2 puce potions.
   505 | D:1      | 505 ||| DROPPING scroll of blinking.
   540 | D:2      | 540 ||| STAIRDANCE
   588 | D:2      | Reached XP level 4. HP: 28/28 MP: 4/4
   714 | D:2      | 714 ||| Stepping ~*~*~tactically~*~*~ (stealth).
   759 | D:2      | Reached skill level 4 in Axes
  1035 | D:2      | 1035 ||| Stepping ~*~*~tactically~*~*~ (hiding).
  1288 | D:2      | 1288 ||| UPGRADING to amulet of faith.
  1293 | D:2      | 1293 ||| READING scroll labelled XIUNKU WEU.
  1294 | D:2      | 1294 ||| READING scroll labelled EPYLYO TAUGAG.
  1295 | D:2      | 1295 ||| DRINKING 3 grey potions.
  1296 | D:2      | 1296 ||| DRINKING 2 yellow potions.
  1318 | D:2      | 1318 ||| DRINKING 2 sapphire potions.
  1319 | D:2      | 1319 ||| DROPPING 2 potions of brilliance.
  1320 | D:2      | 1320 ||| DROPPING potion of flight.
  1329 | D:3      | 1329 ||| STAIRDANCE
  1408 | D:3      | 1408 ||| Stepping ~*~*~tactically~*~*~ (stealth).
  1410 | D:3      | 1410 ||| Stepping ~*~*~tactically~*~*~ (stealth).
  1413 | D:3      | 1413 ||| Stepping ~*~*~tactically~*~*~ (hiding).
  1432 | D:3      | Reached XP level 5. HP: 21/32 MP: 5/5
  1478 | D:3      | 1478 ||| DROPPING +0 mace.
  1564 | D:3      | 1564 ||| DROPPING +0 flail.
  1641 | D:3      | 1641 ||| Stepping ~*~*~tactically~*~*~ (stealth).
  2029 | D:3      | 2029 ||| READING scroll labelled HIAFUE SOFAUTT.
  2030 | D:3      | 2030 ||| READING 2 scrolls labelled SUT FUQULEBO.
  2061 | D:4      | Reached skill level 5 in Axes
  2072 | D:4      | 2072 ||| Stepping ~*~*~tactically~*~*~ (stealth).
  2073 | D:4      | 2073 ||| Stepping ~*~*~tactically~*~*~ (stealth).
  2266 | D:4      | Reached XP level 6. HP: 33/39 MP: 6/6
  2536 | D:4      | 2536 ||| Stepping ~*~*~tactically~*~*~ (hiding).
  3113 | D:4      | 3113 ||| READING scroll labelled QEFROKO UCUGOA.
  3114 | D:4      | 3114 ||| DRINKING 2 metallic clear potions.
  3115 | D:4      | 3115 ||| READING 2 scrolls of identify.
  3115 | D:4      | 3115 ||| IDENTIFYING metallic puce potion
  3155 | D:5      | Entered Level 5 of the Dungeon
  3174 | D:5      | Reached skill level 6 in Axes
  3174 | D:5      | Reached XP level 7. HP: 44/44 MP: 7/7
  3245 | D:5      | Reached skill level 1 in Dodging
  3423 | D:5      | Noticed Dowan
  3424 | D:5      | 3424 ||| FLEEEEING.
  3425 | D:5      | 3425 ||| FLEEEEING.
  3426 | D:5      | 3426 ||| FLEEEEING.
  3427 | D:5      | 3427 ||| FLEEEEING.
  3432 | D:5      | 3432 ||| FLEEEEING.
  3433 | D:5      | 3433 ||| FLEEEEING.
  3434 | D:5      | 3434 ||| FLEEEEING.
  3435 | D:5      | 3435 ||| FLEEEEING.
  3436 | D:5      | 3436 ||| FLEEEEING.
  3438 | D:5      | 3438 ||| STAIRDANCE
  3454 | D:4      | 3454 ||| DRINKING 2 orange potions.
  3457 | D:5      | 3457 ||| Stepping ~*~*~tactically~*~*~ (hiding).
  3469 | D:5      | Killed Dowan
  3534 | D:5      | HP: 10/44 [ice beast (4)]
  3534 | D:5      | Slain by an ice beast

Levels and vault maps discovered:
D:1:      giann_bridges, layout_rooms, hellmonk_ecumenical_altar_inner_sanctum
D:2:      layout_loops_ring, minmay_box_of_dots
D:3:      layout_loops_ring, minmay_liquid_box
D:4:      minmay_general_purpose_star, layout_basic
D:5:      layout_loops_corners, minmay_between, uniq_duvessa, uniq_ijyb

Skill      XL: |  1  2  3  4  5  6  7 |
---------------+----------------------+-----
Axes           | 2 3 4 5 6 |  6.3
Fighting       | 4 |  4.6
Dodging        | 1 |  1.3
Armour         | |  3.2
Shields        | |  3.2

Action                     |  1- 3 |  4- 6 |  7- 9 || total
---------------------------+-------+-------+-------++-------
  Melee: War axe           |    85 |   170 |    29 ||   284
  Throw: Boomerang         |       |     2 |       ||     2
    Use: Scroll            |     2 |     6 |       ||     8
         Potion            |     1 |     4 |     1 ||     6
 Armour: Scale mail        |    38 |       |       ||    38
         Chain mail        |    15 |   107 |    12 ||   134
  Dodge: Dodged            |    45 |    52 |     4 ||   101
  Block: Buckler           |    20 |    21 |     3 ||    44

Table legend:
 A = Non-vault XP
 B = Vault XP
 C = Vault XP percentage of total XP
 D = Non-vault monster count
 E = Vault monster count
 F = Vault count percentage of total count
                 A         B        C        D         E       F
            +---------+---------+-------+---------+---------+-------
      Total |     749 |      77 |   9.3 |      82 |       3 |   3.5
            +---------+---------+-------+---------+---------+-------
        D:1 |      79 |       0 |   0.0 |      34 |       0 |   0.0
        D:2 |      39 |       2 |   4.9 |      11 |       1 |   8.3
        D:3 |      95 |       0 |   0.0 |      18 |       0 |   0.0
        D:4 |     319 |       3 |   0.9 |      15 |       1 |   6.2
        D:5 |     217 |      72 |  24.9 |       4 |       1 |  20.0
            +---------+---------+-------+---------+---------+-------
